Avalanche vs Oilers

Created - September-26-13 at 18:24

Simulating a Pre-Season

Goals
1 2 3 OT1 SO T
Avalanche 3 0 0 0 2 4
Oilers 3 0 0 0 1 3
Shots
1 2 3 OT1 SO T
Avalanche 9 12 14 5 3 40
Oilers 11 2 0 0 3 13

1st period

1. Oilers , Colin McDonald 3 (Justin Schultz) at 2:05
2. Oilers , Brandon Sutter 1 (Nicklas Grossmann, Jochen Hecht) at 4:11 (PP)
3. Avalanche , Jordan Staal 3 (Michael Del Zotto) at 9:05
4. Avalanche , Jordan Staal 4 (Chris Stewart, Tyson Barrie) at 13:54 (PP)
5. Oilers , Mikkel Boedker 1 (David Backes, Sheldon Souray) at 15:47 (SH)
6. Avalanche , Marcus Johansson 3 (Derek Stepan, Marian Hossa) at 16:03 (PP)

Penalties :
Justin Abdelkader (COL) for Holding (Minor) at 3:02, Charlie Coyle (EDM) for Roughing (Minor) at 12:52, Drew Miller (EDM) for Holding (Minor) at 14:27, Alexei Emelin (COL) for Holding (Minor) at 17:54

2nd period

No Goal

Penalties :
Justin Schultz (EDM) for Holding (Minor) at 8:45, Nicklas Grossmann (EDM) for Roughing (Minor) at 14:59, David Backes (EDM) for High sticking (Minor) at 15:06, Maxime Talbot (EDM) for High sticking (Minor) at 17:55, Derek Stepan (COL) for Cross-checking (Minor) at 17:55

3rd period

No Goal

Penalties :
Nicklas Grossmann (EDM) for Hooking (Minor) at 4:25, Maxime Talbot (EDM) for Cross-checking (Minor) at 19:21

Overtime #1

No Goal

Penalties :
No Penalty

Shootout

Penalty Shot by Derek Stepan for Avalanche - Stopped by Kari Lehtonen
Penalty Shot by David Backes for Oilers - Stopped by Antti Niemi
Penalty Shot by Jordan Staal for Avalanche - Goal!
Penalty Shot by Derek Roy for Oilers - Goal!
Penalty Shot by Marian Hossa for Avalanche - Goal!
Penalty Shot by Mikkel Boedker for Oilers - Stopped by Antti Niemi

Penalties :
No Penalty

Goalie Stats

Antti Niemi (COL), 10 saves from 13 shots - (0.769), W, 5-2-0, 65:00 minutes
Kari Lehtonen (EDM), 37 saves from 40 shots - (0.925), OTL, 3-1-2, 65:00 minutes

Players Stats for Avalanche

Player Name              G  A  P  +/- PIM S  H  SB GA TA FO     MP     PP MP  PK MP  
------------------------------------------------------------------------------------
Alexei Emelin            0  0  0  -1  2   0  4  1  0  0  0/0    15:17   0:00   0:40 
Brayden Schenn           0  0  0   0  0   3  1  0  0  0  2/2    12:14   0:00   0:29 
Brian Gionta             0  0  0   0  0   1  0  0  0  0  0/0    13:24   0:00   1:39 
Chris Stewart            0  1  1  -1  0   5  1  0  0  0  0/3    19:00   4:20   0:00 
Cody Hodgson             0  0  0  -1  0   2  0  0  0  0  8/15   17:49   4:20   0:00 
Derek Stepan             0  1  1   0  2   7  4  1  0  0  14/26  20:18   5:00   0:00 
Drew Shore               0  0  0   0  0   0  0  0  0  0  5/7     7:23   0:00   0:00 
Johan Franzen            0  0  0   0  0   3  3  0  0  0  0/0    16:54   0:00   0:00 
John Carlson             0  0  0   0  0   1  1  0  0  0  0/0    27:00   5:04   1:16 
Jordan Staal             2  0  2  -1  0   5  8  0  0  0  14/30  21:09   4:20   1:39 
Justin Abdelkader        0  0  0   0  2   2  3  0  0  0  0/1     8:22   0:00   1:00 
Kevin Porter             0  0  0   0  0   0  0  0  0  0  0/1     7:23   0:00   0:00 
Kevin Shattenkirk        0  0  0   0  0   1  3  1  0  0  0/0    26:10   4:16   1:52 
Lubomir Visnovsky        0  0  0   0  0   0  1  3  0  0  0/0    16:34   0:00   0:00 
Marcus Johansson         1  0  1   0  0   2  0  0  0  0  1/2    17:56   5:00   0:00 
Marian Hossa             0  1  1   0  0   7  1  0  0  0  1/3    22:59   5:00   1:29 
Michael Del Zotto        0  1  1   1  0   1  0  1  0  0  0/0    27:52   5:04   1:28 
Tyson Barrie             0  1  1  -2  0   0  0  0  0  0  0/0    17:06   4:16   1:00 

Players Stats for Oilers

Player Name              G  A  P  +/- PIM S  H  SB GA TA FO     MP     PP MP  PK MP  
------------------------------------------------------------------------------------
Brandon Sutter           1  0  1   1  0   2  0  0  0  0  3/8    11:07   1:17   0:30 
Brian Flynn              0  0  0  -1  0   0  0  0  0  0  3/7     6:08   0:00   0:00 
Charlie Coyle            0  0  0   0  2   1  3  0  0  0  0/0    16:07   1:17   0:00 
Chris Phillips           0  0  0   1  0   1  4  0  0  0  0/0    25:21   0:00   6:12 
Colin McDonald           1  0  1   1  0   1  2  0  0  0  0/2     8:33   0:00   0:00 
David Backes             0  1  1   1  2   0  2  0  0  0  23/42  27:32   1:51   6:20 
Derek Roy                0  0  0   0  0   2  0  0  0  0  10/20  17:03   0:00   2:12 
Drew Miller              0  0  0  -1  2   0  0  0  0  0  0/0     6:07   0:00   0:00 
Dustin Jeffrey           0  0  0  -1  0   0  0  0  0  0  1/2     6:08   0:00   0:00 
Erik Gustafsson          0  0  0   0  0   1  0  0  0  0  0/0    13:48   0:00   1:11 
Jochen Hecht             0  1  1   0  0   0  0  0  0  0  2/5    18:26   1:17   0:00 
Justin Schultz           0  1  1   0  2   2  0  0  0  0  0/0    14:27   1:51   0:00 
Maxime Talbot            0  0  0   0  4   1  2  0  0  0  0/1    21:00   1:51   1:39 
Mikkel Boedker           1  0  1   1  0   2  0  0  0  0  0/0    23:29   1:51   5:37 
Nicklas Grossmann        0  1  1   0  4   0  8  1  0  0  0/0    23:58   1:17   3:18 
Ruslan Fedotenko         0  0  0   1  0   0  0  1  0  0  3/3    13:43   0:00   1:50 
Scott Hannan             0  0  0   0  0   0  4  2  0  0  0/0    25:11   1:17   4:29 
Sheldon Souray           0  1  1   1  0   0  0  2  0  0  0/0    27:12   1:51   6:12 

3 Stars

1 - Jordan Staal (COL)
2 - Colin McDonald (EDM)
3 - Brandon Sutter (EDM)

Power Play

Avalanche - 2 on 7 Attempt(s) - 28.57%
Oilers - 1 on 2 Attempt(s) - 50.00%

Penalty Kill

Avalanche - 1 on 2 Attempt(s) - 50.00% - Score 0 goal in Penalty Kill
Oilers - 5 on 7 Attempt(s) - 71.43% - Score 1 goal in Penalty Kill

Official

Referees : Graham Skiliter and Dennis LaRue
Linesman : Mark Wheler and Lonnie Cameron

Game Notes

No Game Note

% Time on Ice - Avalanche

Lines # - Real PCT - Wanted PCT - Time Play
Normal Forward
1 - 28% - 32% - 12:56
2 - 30% - 30% - 13:29
3 - 26% - 28% - 11:45
4 - 16% - 10% - 7:23
Normal Defense
1 - 36% - 35% - 16:29
2 - 34% - 30% - 15:29
3 - 26% - 25% - 11:50
4 - 4% - 10% - 1:45
PP Forward
1 - 54% - 52% - 5:00
2 - 46% - 48% - 4:20
PP Defense
1 - 54% - 52% - 5:04
2 - 46% - 48% - 4:16
PK Forward
1 - 53% - 52% - 1:39
2 - 47% - 48% - 1:29
PK Defense
1 - 40% - 55% - 1:16
2 - 60% - 45% - 1:52
PK3 Forward
1 - 0% - 54%
2 - 0% - 46%
PK3 Defense
1 - 0% - 55%
2 - 0% - 45%
44 Forward
1 - 49% - 52% - 3:25
2 - 51% - 48% - 3:34
44 Defense
1 - 60% - 60% - 4:11
2 - 40% - 40% - 2:48
Last Minute Offensive  - 0:00
Last Minute Defensive  - 0:00
Total
Forward - 65:00
Defense - 65:00

% Time on Ice - Oilers

Lines # - Real PCT - Wanted PCT - Time Play
Normal Forward
1 - 35% - 40% - 16:01
2 - 33% - 30% - 14:51
3 - 19% - 20% - 8:33
4 - 13% - 10% - 6:08
Normal Defense
1 - 32% - 33% - 14:37
2 - 36% - 33% - 16:23
3 - 28% - 24% - 12:37
4 - 4% - 10% - 1:56
PP Forward
1 - 59% - 60% - 1:51
2 - 41% - 40% - 1:17
PP Defense
1 - 59% - 60% - 1:51
2 - 41% - 40% - 1:17
PK Forward
1 - 75% - 60% - 5:37
2 - 25% - 40% - 1:51
PK Defense
1 - 50% - 60% - 3:42
2 - 50% - 40% - 3:46
PK3 Forward
1 - 84% - 60% - 2:43
2 - 16% - 40% - 0:30
PK3 Defense
1 - 78% - 60% - 2:30
2 - 22% - 40% - 0:43
44 Forward
1 - 59% - 60% - 3:20
2 - 41% - 40% - 2:18
44 Defense
1 - 46% - 60% - 2:36
2 - 54% - 40% - 3:02
Last Minute Offensive  - 0:00
Last Minute Defensive  - 0:00
Total
Forward - 65:00
Defense - 65:00

Play by Play

1st period


0:01 of 1st period - Derek Stepan wins face-off versus David Backes in neutral zone.
0:34 of 1st period - Shot by Michael Del Zotto.
0:34 of 1st period - Shot Misses the Net.
0:36 of 1st period - Shot by Derek Stepan.
0:36 of 1st period - Stopped by Kari Lehtonen without a rebound.
0:37 of 1st period - Cody Hodgson wins face-off versus Derek Roy in Oilers zone.
0:53 of 1st period - Scott Hannan is hit by Kevin Shattenkirk and loses puck.
0:57 of 1st period - Charlie Coyle is hit by Kevin Shattenkirk and loses puck.
1:09 of 1st period - Scott Hannan is hit by Lubomir Visnovsky and loses puck.
1:55 of 1st period - Shot by Brandon Sutter.
1:55 of 1st period - Shot Misses the Net.
2:05 of 1st period - Shot by Colin McDonald.
2:05 of 1st period - Goal by Colin McDonald - Avalanche : 0 - Oilers : 1.
2:06 of 1st period - David Backes wins face-off versus Drew Shore in neutral zone.
2:06 of 1st period - Mikkel Boedker is hit by Justin Abdelkader.
2:15 of 1st period - John Carlson is hit by David Backes and loses puck.
2:38 of 1st period - Icing by Michael Del Zotto.
2:39 of 1st period - Drew Shore wins face-off versus Brian Flynn in Avalanche zone.
2:55 of 1st period - Icing by John Carlson.
2:56 of 1st period - Drew Shore wins face-off versus Derek Roy in Avalanche zone.
3:02 of 1st period - Minor Penalty to Justin Abdelkader for Holding.
3:03 of 1st period - Jordan Staal wins face-off versus Maxime Talbot in Avalanche zone.
3:32 of 1st period - Shot by Sheldon Souray.
3:32 of 1st period - Shot Blocked by Kevin Shattenkirk.
3:34 of 1st period - Shot by Justin Schultz.
3:34 of 1st period - Stopped by Antti Niemi without a rebound.
3:35 of 1st period - Brayden Schenn wins face-off versus Brandon Sutter in Avalanche zone.
3:35 of 1st period - Brayden Schenn is hit by Charlie Coyle.
4:11 of 1st period - Shot by Brandon Sutter.
4:11 of 1st period - Goal by Brandon Sutter - Avalanche : 0 - Oilers : 2.
4:12 of 1st period - Cody Hodgson wins face-off versus David Backes in neutral zone.
4:19 of 1st period - Shot by Johan Franzen.
4:19 of 1st period - Stopped by Kari Lehtonen without a rebound.
4:20 of 1st period - David Backes wins face-off versus Marian Hossa in Oilers zone.
4:38 of 1st period - Shot by Marcus Johansson.
4:38 of 1st period - Shot Misses the Net.
5:34 of 1st period - Icing by Kevin Shattenkirk.
5:35 of 1st period - Marian Hossa wins face-off versus Brandon Sutter in Avalanche zone.
6:04 of 1st period - Shot by Ruslan Fedotenko.
6:04 of 1st period - Deflect By Brandon Sutter.
6:04 of 1st period - Shot Misses the Net.
6:10 of 1st period - Ruslan Fedotenko is hit by Jordan Staal and loses puck.
8:36 of 1st period - Justin Schultz is hit by Justin Abdelkader and loses puck.
9:05 of 1st period - Shot by Jordan Staal.
9:05 of 1st period - Goal by Jordan Staal - Avalanche : 1 - Oilers : 2.
9:06 of 1st period - Derek Roy wins face-off versus Derek Stepan in neutral zone.
9:39 of 1st period - Shot by Charlie Coyle.
9:39 of 1st period - Shot Misses the Net.
9:41 of 1st period - Shot by Scott Hannan.
9:41 of 1st period - Shot Blocked by Derek Stepan.
9:43 of 1st period - Shot by Derek Roy.
9:43 of 1st period - Deflect By Charlie Coyle.
9:43 of 1st period - Shot Blocked by Lubomir Visnovsky.
9:45 of 1st period - Shot by Jochen Hecht.
9:45 of 1st period - Shot Misses the Net.
9:47 of 1st period - Shot by Derek Roy.
9:47 of 1st period - Stopped by Antti Niemi without a rebound.
9:48 of 1st period - Jordan Staal wins face-off versus David Backes in Avalanche zone.
9:48 of 1st period - Michael Del Zotto is hit by David Backes and loses puck.
9:55 of 1st period - Shot by David Backes.
9:55 of 1st period - Deflect By Maxime Talbot.
9:55 of 1st period - Stopped by Antti Niemi without a rebound.
9:56 of 1st period - Jordan Staal wins face-off versus David Backes in Avalanche zone.
10:02 of 1st period - Michael Del Zotto is hit by Chris Phillips and loses puck.
10:17 of 1st period - Off-side.
10:18 of 1st period - Brandon Sutter wins face-off versus Cody Hodgson in neutral zone.
11:11 of 1st period - Colin McDonald is hit by Kevin Shattenkirk and loses puck.
11:18 of 1st period - Jordan Staal is hit by Colin McDonald and loses puck.
11:36 of 1st period - Off-side.
11:37 of 1st period - David Backes wins face-off versus Marian Hossa in neutral zone.
11:47 of 1st period - Derek Stepan is hit by Nicklas Grossmann and loses puck.
12:09 of 1st period - Marcus Johansson is hit by Scott Hannan and loses puck.
12:18 of 1st period - Shot by Marian Hossa.
12:18 of 1st period - Deflect By Derek Stepan.
12:18 of 1st period - Stopped by Kari Lehtonen without a rebound.
12:19 of 1st period - Derek Roy wins face-off versus Jordan Staal in Oilers zone.
12:19 of 1st period - Charlie Coyle is hit by Jordan Staal and loses puck.
12:26 of 1st period - Icing by Sheldon Souray.
12:27 of 1st period - Brayden Schenn wins face-off versus Derek Roy in Oilers zone.
12:51 of 1st period - Kevin Shattenkirk is hit by Charlie Coyle and loses puck.
12:52 of 1st period - Minor Penalty to Charlie Coyle for Roughing.
12:53 of 1st period - Marcus Johansson wins face-off versus David Backes in Oilers zone.
13:06 of 1st period - Shot by Derek Stepan.
13:06 of 1st period - Deflect By Marian Hossa.
13:06 of 1st period - Shot Misses the Net.
13:52 of 1st period - Shot by Chris Stewart.
13:52 of 1st period - Stopped by Kari Lehtonen with a rebound.
13:54 of 1st period - Shot by Chris Stewart.
13:54 of 1st period - Deflect By Jordan Staal.
13:54 of 1st period - Goal by Jordan Staal - Avalanche : 2 - Oilers : 2.
13:55 of 1st period - Jordan Staal wins face-off versus Derek Roy in neutral zone.
14:04 of 1st period - Shot by Chris Phillips.
14:04 of 1st period - Stopped by Antti Niemi without a rebound.
14:05 of 1st period - Brian Flynn wins face-off versus Cody Hodgson in Avalanche zone.
14:27 of 1st period - Minor Penalty to Drew Miller for Holding.
14:28 of 1st period - David Backes wins face-off versus Derek Stepan in Oilers zone.
15:02 of 1st period - Shot by Derek Roy.
15:02 of 1st period - Stopped by Antti Niemi without a rebound.
15:03 of 1st period - Jordan Staal wins face-off versus David Backes in Avalanche zone.
15:16 of 1st period - Shot by Chris Stewart.
15:16 of 1st period - Shot Misses the Net.
15:18 of 1st period - Shot by Jordan Staal.
15:18 of 1st period - Deflect By Chris Stewart.
15:18 of 1st period - Stopped by Kari Lehtonen without a rebound.
15:19 of 1st period - David Backes wins face-off versus Cody Hodgson in Oilers zone.
15:25 of 1st period - Icing by Kevin Shattenkirk.
15:26 of 1st period - David Backes wins face-off versus Jordan Staal in Avalanche zone.
15:47 of 1st period - Shot by Mikkel Boedker.
15:47 of 1st period - Goal by Mikkel Boedker - Avalanche : 2 - Oilers : 3.
15:48 of 1st period - Derek Roy wins face-off versus Marcus Johansson in neutral zone.
15:59 of 1st period - Shot by Marian Hossa.
15:59 of 1st period - Shot Blocked by Nicklas Grossmann.
16:03 of 1st period - Shot by Marcus Johansson.
16:03 of 1st period - Goal by Marcus Johansson - Avalanche : 3 - Oilers : 3.
16:04 of 1st period - Derek Roy wins face-off versus Jordan Staal in neutral zone.
16:14 of 1st period - Icing by Jordan Staal.
16:15 of 1st period - Jordan Staal wins face-off versus Brandon Sutter in Avalanche zone.
16:29 of 1st period - Shot by Jordan Staal.
16:29 of 1st period - Shot Blocked by Ruslan Fedotenko.
16:31 of 1st period - Shot by Jordan Staal.
16:31 of 1st period - Shot Misses the Net.
16:47 of 1st period - Shot by Brayden Schenn.
16:47 of 1st period - Shot Hit the Post.
16:49 of 1st period - Shot by Jordan Staal.
16:49 of 1st period - Deflect By Brayden Schenn.
16:49 of 1st period - Stopped by Kari Lehtonen without a rebound.
16:50 of 1st period - David Backes wins face-off versus Derek Stepan in Oilers zone.
17:27 of 1st period - Shot by Mikkel Boedker.
17:27 of 1st period - Stopped by Antti Niemi without a rebound.
17:28 of 1st period - Derek Roy wins face-off versus Cody Hodgson in Avalanche zone.
17:33 of 1st period - Shot by Derek Roy.
17:33 of 1st period - Shot Misses the Net.
17:35 of 1st period - Shot by Derek Roy.
17:35 of 1st period - Deflect By Charlie Coyle.
17:35 of 1st period - Shot Blocked by Lubomir Visnovsky.
17:45 of 1st period - Shot by Derek Roy.
17:45 of 1st period - Shot Misses the Net.
17:47 of 1st period - Shot by Derek Roy.
17:47 of 1st period - Shot Misses the Net.
17:49 of 1st period - Shot by Charlie Coyle.
17:49 of 1st period - Stopped by Antti Niemi without a rebound.
17:50 of 1st period - Brian Flynn wins face-off versus Jordan Staal in Avalanche zone.
17:54 of 1st period - Minor Penalty to Alexei Emelin for Holding.
17:55 of 1st period - Jordan Staal wins face-off versus David Backes in Avalanche zone.
18:26 of 1st period - Shot by Marian Hossa.
18:26 of 1st period - Shot Blocked by Sheldon Souray.
19:10 of 1st period - Shot by Brandon Sutter.
19:10 of 1st period - Deflect By Jochen Hecht.
19:10 of 1st period - Shot Misses the Net.
19:28 of 1st period - Shot by Scott Hannan.
19:28 of 1st period - Shot Misses the Net.
19:30 of 1st period - Shot by Brandon Sutter.
19:30 of 1st period - Stopped by Antti Niemi without a rebound.
19:31 of 1st period - David Backes wins face-off versus Justin Abdelkader in Avalanche zone.
19:36 of 1st period - Shot by Sheldon Souray.
19:36 of 1st period - Shot Misses the Net.
19:38 of 1st period - Shot by Maxime Talbot.
19:38 of 1st period - Shot Misses the Net.
19:53 of 1st period - Icing by Sheldon Souray.
19:54 of 1st period - Brian Flynn wins face-off versus Cody Hodgson in Oilers zone.
19:54 of 1st period - Brian Flynn is hit by Johan Franzen.

2nd period


0:01 of 2nd period - David Backes wins face-off versus Derek Stepan in neutral zone.
0:17 of 2nd period - Shot by Derek Stepan.
0:17 of 2nd period - Shot Misses the Net.
0:23 of 2nd period - Shot by Marian Hossa.
0:23 of 2nd period - Shot Misses the Net.
0:25 of 2nd period - Shot by Derek Stepan.
0:25 of 2nd period - Shot Hit the Post.
0:33 of 2nd period - Shot by Marian Hossa.
0:33 of 2nd period - Shot Misses the Net.
0:58 of 2nd period - Michael Del Zotto is hit by Nicklas Grossmann and loses puck.
1:11 of 2nd period - Icing by Lubomir Visnovsky.
1:12 of 2nd period - Cody Hodgson wins face-off versus Brandon Sutter in Avalanche zone.
1:24 of 2nd period - Off-side.
1:25 of 2nd period - Derek Roy wins face-off versus Jordan Staal in neutral zone.
1:40 of 2nd period - Jochen Hecht is hit by Alexei Emelin and loses puck.
1:49 of 2nd period - Shot by Brayden Schenn.
1:49 of 2nd period - Stopped by Kari Lehtonen with a rebound.
2:07 of 2nd period - Shot by Charlie Coyle.
2:07 of 2nd period - Shot Blocked by Alexei Emelin.
3:17 of 2nd period - Shot by Erik Gustafsson.
3:17 of 2nd period - Stopped by Antti Niemi without a rebound.
3:18 of 2nd period - Brandon Sutter wins face-off versus Derek Stepan in Avalanche zone.
3:24 of 2nd period - Icing by Marcus Johansson.
3:25 of 2nd period - Derek Stepan wins face-off versus Derek Roy in Avalanche zone.
3:37 of 2nd period - Icing by Scott Hannan.
3:38 of 2nd period - Derek Roy wins face-off versus Jordan Staal in Oilers zone.
3:38 of 2nd period - Scott Hannan is hit by Jordan Staal.
3:43 of 2nd period - Derek Roy is hit by Alexei Emelin and loses puck.
4:47 of 2nd period - Maxime Talbot is hit by Jordan Staal and loses puck.
4:55 of 2nd period - Icing by Chris Phillips.
4:56 of 2nd period - Derek Stepan wins face-off versus David Backes in Oilers zone.
4:56 of 2nd period - Michael Del Zotto is hit by Chris Phillips and loses puck.
5:15 of 2nd period - Icing by John Carlson.
5:16 of 2nd period - Derek Stepan wins face-off versus Colin McDonald in Avalanche zone.
5:50 of 2nd period - Erik Gustafsson is hit by John Carlson and loses puck.
6:14 of 2nd period - Lubomir Visnovsky is hit by Scott Hannan and loses puck.
6:17 of 2nd period - Shot by Chris Stewart.
6:17 of 2nd period - Shot Blocked by Scott Hannan.
6:47 of 2nd period - Cody Hodgson is hit by Scott Hannan and loses puck.
6:57 of 2nd period - Charlie Coyle is hit by Alexei Emelin and loses puck.
7:03 of 2nd period - Alexei Emelin is hit by Nicklas Grossmann and loses puck.
7:09 of 2nd period - Justin Abdelkader is hit by Nicklas Grossmann and loses puck.
7:12 of 2nd period - Shot by Justin Abdelkader.
7:12 of 2nd period - Shot Hit the Post.
7:14 of 2nd period - Shot by Justin Abdelkader.
7:14 of 2nd period - Stopped by Kari Lehtonen without a rebound.
7:15 of 2nd period - David Backes wins face-off versus Jordan Staal in Oilers zone.
7:15 of 2nd period - David Backes is hit by Brayden Schenn.
8:05 of 2nd period - Mikkel Boedker is hit by Derek Stepan and loses puck.
8:14 of 2nd period - Icing by Derek Stepan.
8:15 of 2nd period - Derek Stepan wins face-off versus Brian Flynn in Avalanche zone.
8:45 of 2nd period - Minor Penalty to Justin Schultz for Holding.
8:46 of 2nd period - David Backes wins face-off versus Jordan Staal in Oilers zone.
9:00 of 2nd period - Michael Del Zotto is hit by Nicklas Grossmann and loses puck.
9:41 of 2nd period - Scott Hannan is hit by Derek Stepan and loses puck.
10:02 of 2nd period - Shot by Marcus Johansson.
10:02 of 2nd period - Stopped by Kari Lehtonen without a rebound.
10:03 of 2nd period - David Backes wins face-off versus Jordan Staal in Oilers zone.
11:24 of 2nd period - Icing by John Carlson.
11:25 of 2nd period - Drew Shore wins face-off versus Derek Roy in Avalanche zone.
11:25 of 2nd period - Drew Shore is hit by Charlie Coyle.
12:43 of 2nd period - Shot by Brian Flynn.
12:43 of 2nd period - Shot Hit the Post.
13:15 of 2nd period - Shot by Cody Hodgson.
13:15 of 2nd period - Stopped by Kari Lehtonen without a rebound.
13:16 of 2nd period - Derek Stepan wins face-off versus David Backes in Oilers zone.
13:19 of 2nd period - Shot by Marian Hossa.
13:19 of 2nd period - Stopped by Kari Lehtonen with a rebound.
13:21 of 2nd period - Shot by Marian Hossa.
13:21 of 2nd period - Shot Misses the Net.
13:23 of 2nd period - Shot by Marian Hossa.
13:23 of 2nd period - Shot Misses the Net.
13:35 of 2nd period - Tyson Barrie is hit by Chris Phillips.
13:44 of 2nd period - Shot by Marian Hossa.
13:44 of 2nd period - Stopped by Kari Lehtonen without a rebound.
13:45 of 2nd period - Derek Roy wins face-off versus Cody Hodgson in Oilers zone.
13:45 of 2nd period - Nicklas Grossmann is hit by Johan Franzen and loses puck.
14:08 of 2nd period - Shot by Chris Stewart.
14:08 of 2nd period - Deflect By Johan Franzen.
14:08 of 2nd period - Shot Misses the Net.
14:10 of 2nd period - Shot by Chris Stewart.
14:10 of 2nd period - Stopped by Kari Lehtonen with a rebound.
14:22 of 2nd period - Shot by Johan Franzen.
14:22 of 2nd period - Stopped by Kari Lehtonen with a rebound.
14:24 of 2nd period - Shot by Kevin Shattenkirk.
14:24 of 2nd period - Shot Misses the Net.
14:45 of 2nd period - Scott Hannan is hit by Derek Stepan and loses puck.
14:54 of 2nd period - Shot by Derek Stepan.
14:54 of 2nd period - Stopped by Kari Lehtonen with a rebound.
14:59 of 2nd period - Minor Penalty to Nicklas Grossmann for Roughing.
15:00 of 2nd period - David Backes wins face-off versus Derek Stepan in Oilers zone.
15:06 of 2nd period - Minor Penalty to David Backes for High sticking.
15:07 of 2nd period - Ruslan Fedotenko wins face-off versus Jordan Staal in Oilers zone.
15:30 of 2nd period - Shot by Kevin Shattenkirk.
15:30 of 2nd period - Stopped by Kari Lehtonen without a rebound.
15:31 of 2nd period - Ruslan Fedotenko wins face-off versus Derek Stepan in Oilers zone.
15:31 of 2nd period - Ruslan Fedotenko is hit by Derek Stepan.
15:40 of 2nd period - Off-side.
15:41 of 2nd period - Ruslan Fedotenko wins face-off versus Derek Stepan in neutral zone.
15:58 of 2nd period - Shot by Marian Hossa.
15:58 of 2nd period - Shot Misses the Net.
16:00 of 2nd period - Shot by Michael Del Zotto.
16:00 of 2nd period - Shot Blocked by Sheldon Souray.
16:32 of 2nd period - Kevin Shattenkirk is hit by Chris Phillips and loses puck.
17:42 of 2nd period - Shot by Brian Flynn.
17:42 of 2nd period - Shot Blocked by Lubomir Visnovsky.
17:44 of 2nd period - Shot by Justin Schultz.
17:44 of 2nd period - Stopped by Antti Niemi without a rebound.
17:45 of 2nd period - David Backes wins face-off versus Derek Stepan in Avalanche zone.
17:55 of 2nd period - Minor Penalty to Maxime Talbot for High sticking.
17:55 of 2nd period - Minor Penalty to Derek Stepan for Cross-checking.
17:56 of 2nd period - David Backes wins face-off versus Jordan Staal in neutral zone.
18:27 of 2nd period - Shot by David Backes.
18:27 of 2nd period - Shot Misses the Net.
18:29 of 2nd period - Shot by Scott Hannan.
18:29 of 2nd period - Shot Blocked by Michael Del Zotto.
18:43 of 2nd period - Icing by Jochen Hecht.
18:44 of 2nd period - Jochen Hecht wins face-off versus Chris Stewart in Oilers zone.
18:44 of 2nd period - Jochen Hecht is hit by Chris Stewart.
19:06 of 2nd period - Shot by Marian Hossa.
19:06 of 2nd period - Deflect By Chris Stewart.
19:06 of 2nd period - Stopped by Kari Lehtonen with a rebound.
19:08 of 2nd period - Shot by Marian Hossa.
19:08 of 2nd period - Stopped by Kari Lehtonen without a rebound.
19:09 of 2nd period - David Backes wins face-off versus Chris Stewart in Oilers zone.

3rd period


0:01 of 3rd period - David Backes wins face-off versus Cody Hodgson in neutral zone.
0:11 of 3rd period - Icing by Chris Phillips.
0:12 of 3rd period - Derek Stepan wins face-off versus David Backes in Oilers zone.
0:39 of 3rd period - Shot by Derek Stepan.
0:39 of 3rd period - Stopped by Kari Lehtonen without a rebound.
0:40 of 3rd period - Cody Hodgson wins face-off versus Derek Roy in Oilers zone.
0:53 of 3rd period - Shot by Cody Hodgson.
0:53 of 3rd period - Shot Misses the Net.
0:55 of 3rd period - Shot by Johan Franzen.
0:55 of 3rd period - Shot Misses the Net.
0:57 of 3rd period - Shot by Cody Hodgson.
0:57 of 3rd period - Shot Misses the Net.
1:32 of 3rd period - Icing by Scott Hannan.
1:33 of 3rd period - Jordan Staal wins face-off versus Jochen Hecht in Oilers zone.
2:12 of 3rd period - Shot by Jordan Staal.
2:12 of 3rd period - Stopped by Kari Lehtonen without a rebound.
2:13 of 3rd period - Derek Stepan wins face-off versus Brandon Sutter in Oilers zone.
2:30 of 3rd period - Brandon Sutter is hit by Alexei Emelin and loses puck.
2:43 of 3rd period - Shot by Marian Hossa.
2:43 of 3rd period - Stopped by Kari Lehtonen with a rebound.
3:30 of 3rd period - Icing by Michael Del Zotto.
3:31 of 3rd period - Cody Hodgson wins face-off versus Brian Flynn in Avalanche zone.
3:52 of 3rd period - Shot by Cody Hodgson.
3:52 of 3rd period - Stopped by Kari Lehtonen without a rebound.
3:53 of 3rd period - Jordan Staal wins face-off versus David Backes in Oilers zone.
4:25 of 3rd period - Minor Penalty to Nicklas Grossmann for Hooking.
4:26 of 3rd period - David Backes wins face-off versus Derek Stepan in Oilers zone.
4:26 of 3rd period - David Backes is hit by Marian Hossa.
4:44 of 3rd period - Shot by Michael Del Zotto.
4:44 of 3rd period - Stopped by Kari Lehtonen without a rebound.
4:45 of 3rd period - David Backes wins face-off versus Jordan Staal in Oilers zone.
5:00 of 3rd period - Shot by Chris Stewart.
5:00 of 3rd period - Shot Misses the Net.
5:17 of 3rd period - Kevin Shattenkirk is hit by Scott Hannan.
5:21 of 3rd period - Shot by Chris Stewart.
5:21 of 3rd period - Stopped by Kari Lehtonen with a rebound.
5:28 of 3rd period - Icing by Kevin Shattenkirk.
5:29 of 3rd period - Jordan Staal wins face-off versus Derek Roy in Avalanche zone.
6:28 of 3rd period - Shot by Justin Abdelkader.
6:28 of 3rd period - Stopped by Kari Lehtonen without a rebound.
6:29 of 3rd period - Derek Roy wins face-off versus Kevin Porter in Oilers zone.
6:29 of 3rd period - Derek Roy is hit by Justin Abdelkader.
7:20 of 3rd period - Icing by Kevin Shattenkirk.
7:21 of 3rd period - Drew Shore wins face-off versus Colin McDonald in Avalanche zone.
7:23 of 3rd period - Icing by Lubomir Visnovsky.
7:24 of 3rd period - David Backes wins face-off versus Drew Shore in Avalanche zone.
7:50 of 3rd period - Icing by Nicklas Grossmann.
7:51 of 3rd period - Derek Stepan wins face-off versus David Backes in Oilers zone.
9:03 of 3rd period - Shot by Brian Gionta.
9:03 of 3rd period - Shot Misses the Net.
9:31 of 3rd period - Shot by Jordan Staal.
9:31 of 3rd period - Stopped by Kari Lehtonen without a rebound.
9:32 of 3rd period - Cody Hodgson wins face-off versus Dustin Jeffrey in Oilers zone.
9:49 of 3rd period - Shot by Cody Hodgson.
9:49 of 3rd period - Shot Misses the Net.
9:53 of 3rd period - Shot by Chris Stewart.
9:53 of 3rd period - Shot Misses the Net.
10:15 of 3rd period - Justin Schultz is hit by Johan Franzen.
11:48 of 3rd period - Icing by Scott Hannan.
11:49 of 3rd period - Jordan Staal wins face-off versus David Backes in Oilers zone.
12:10 of 3rd period - Shot by Brayden Schenn.
12:10 of 3rd period - Stopped by Kari Lehtonen without a rebound.
12:11 of 3rd period - Drew Shore wins face-off versus Derek Roy in Oilers zone.
13:20 of 3rd period - Shot by Marian Hossa.
13:20 of 3rd period - Stopped by Kari Lehtonen without a rebound.
13:21 of 3rd period - Dustin Jeffrey wins face-off versus Chris Stewart in Oilers zone.
14:11 of 3rd period - Icing by Justin Schultz.
14:12 of 3rd period - Jordan Staal wins face-off versus Brian Flynn in Oilers zone.
14:15 of 3rd period - Shot by Brian Gionta.
14:15 of 3rd period - Stopped by Kari Lehtonen with a rebound.
14:20 of 3rd period - Justin Schultz is hit by Jordan Staal and loses puck.
14:30 of 3rd period - Icing by John Carlson.
14:31 of 3rd period - Jordan Staal wins face-off versus David Backes in Avalanche zone.
15:07 of 3rd period - John Carlson is hit by Maxime Talbot and loses puck.
16:08 of 3rd period - Icing by Chris Phillips.
16:09 of 3rd period - David Backes wins face-off versus Derek Stepan in Oilers zone.
16:40 of 3rd period - Shot by Derek Stepan.
16:40 of 3rd period - Stopped by Kari Lehtonen with a rebound.
16:48 of 3rd period - Shot by Marian Hossa.
16:48 of 3rd period - Stopped by Kari Lehtonen without a rebound.
16:49 of 3rd period - Brandon Sutter wins face-off versus Jordan Staal in Oilers zone.
16:54 of 3rd period - Michael Del Zotto is hit by Colin McDonald and loses puck.
17:17 of 3rd period - Shot by Erik Gustafsson.
17:17 of 3rd period - Shot Misses the Net.
17:47 of 3rd period - John Carlson is hit by Nicklas Grossmann and loses puck.
17:51 of 3rd period - Icing by Scott Hannan.
17:52 of 3rd period - Cody Hodgson wins face-off versus Derek Roy in Oilers zone.
17:52 of 3rd period - Lubomir Visnovsky is hit by Nicklas Grossmann and loses puck.
18:48 of 3rd period - Icing by Kevin Shattenkirk.
18:49 of 3rd period - Cody Hodgson wins face-off versus David Backes in Avalanche zone.
18:49 of 3rd period - Johan Franzen is hit by Maxime Talbot and loses puck.
19:21 of 3rd period - Minor Penalty to Maxime Talbot for Cross-checking.
19:22 of 3rd period - Derek Stepan wins face-off versus David Backes in Oilers zone.
19:55 of 3rd period - Shot by John Carlson.
19:55 of 3rd period - Stopped by Kari Lehtonen without a rebound.
19:56 of 3rd period - Derek Roy wins face-off versus Jordan Staal in Oilers zone.

Overtime #1


0:01 of 1st overtime period - David Backes wins face-off versus Jordan Staal in neutral zone.
0:01 of 1st overtime period - Chris Phillips is hit by Jordan Staal and loses puck.
0:22 of 1st overtime period - Sheldon Souray is hit by Jordan Staal and loses puck.
1:36 of 1st overtime period - Icing by Marian Hossa.
1:37 of 1st overtime period - Derek Stepan wins face-off versus David Backes in Avalanche zone.
2:05 of 1st overtime period - Off-side.
2:06 of 1st overtime period - Jordan Staal wins face-off versus Jochen Hecht in neutral zone.
2:11 of 1st overtime period - Maxime Talbot is hit by Jordan Staal and loses puck.
2:28 of 1st overtime period - Shot by Johan Franzen.
2:28 of 1st overtime period - Stopped by Kari Lehtonen without a rebound.
2:29 of 1st overtime period - Derek Stepan wins face-off versus David Backes in Oilers zone.
2:32 of 1st overtime period - Shot by Derek Stepan.
2:32 of 1st overtime period - Stopped by Kari Lehtonen without a rebound.
2:33 of 1st overtime period - Derek Stepan wins face-off versus David Backes in Oilers zone.
2:44 of 1st overtime period - Shot by Derek Stepan.
2:44 of 1st overtime period - Stopped by Kari Lehtonen without a rebound.
2:45 of 1st overtime period - David Backes wins face-off versus Jordan Staal in Oilers zone.
3:16 of 1st overtime period - Jordan Staal is hit by Nicklas Grossmann and loses puck.
3:41 of 1st overtime period - Shot by Marian Hossa.
3:41 of 1st overtime period - Shot Misses the Net.
3:49 of 1st overtime period - Shot by Derek Stepan.
3:49 of 1st overtime period - Shot Blocked by Scott Hannan.
3:51 of 1st overtime period - Shot by Marian Hossa.
3:51 of 1st overtime period - Stopped by Kari Lehtonen without a rebound.
3:52 of 1st overtime period - Derek Stepan wins face-off versus Jochen Hecht in Oilers zone.
4:07 of 1st overtime period - Icing by Alexei Emelin.
4:08 of 1st overtime period - Jochen Hecht wins face-off versus Derek Stepan in Avalanche zone.
4:59 of 1st overtime period - Shot by Jordan Staal.
4:59 of 1st overtime period - Stopped by Kari Lehtonen without a rebound.

ShootOut


5:00 of 1st overtime period - Penalty Shot by Derek Stepan for Avalanche.
5:00 of 1st overtime period - Stopped by Kari Lehtonen.
5:00 of 1st overtime period - Penalty Shot by David Backes for Oilers.
5:00 of 1st overtime period - Stopped by Antti Niemi.
5:00 of 1st overtime period - Penalty Shot by Jordan Staal for Avalanche.
5:00 of 1st overtime period - Goal by Jordan Staal.
5:00 of 1st overtime period - Penalty Shot by Derek Roy for Oilers.
5:00 of 1st overtime period - Goal by Derek Roy.
5:00 of 1st overtime period - Penalty Shot by Marian Hossa for Avalanche.
5:00 of 1st overtime period - Goal by Marian Hossa.
5:00 of 1st overtime period - Penalty Shot by Mikkel Boedker for Oilers.
5:00 of 1st overtime period - Stopped by Antti Niemi.


Output by the SimonT Hockey Simulator (STHS) for Stephane Roy -- Original Page W3C XHTML 1.0 Valid
Hockey Simulator - Hockey Simulation - Hockey Manager